 Dungeon Crawl Stone Soup version 0.30.1-11-g7821555f0a (webtiles) character file.

Game seed: 2104116156830732831

1932 Peloso the Carver (level 8, -4/71 (73) HPs)
             Began as a Minotaur Fighter on Dec 10, 2023.
             Was a Follower of Okawaru.
             Slain by a wight
             ... wielding a +5 battleaxe of freezing
              (14 damage)
             ... on level 7 of the Dungeon.
             The game lasted 00:13:50 (5936 turns).

Peloso the Carver (Minotaur Fighter)                Turns: 5936, Time: 00:13:51

HP:   -4/71 (73)    AC: 10    Str: 22    XL:     8   Next: 97%
MP:   7/7           EV:  9    Int:  5    God:    Okawaru [*.....]
Gold: 215           SH:  5    Dex: 11    Spells: 7/7 levels left

rFire   . . .        a - +0 long sword
rCold   . . .        d - +0 buckler
rNeg    . . .        c - +0 chain mail
rPois   +            (helmet restricted)
rElec   .            (no cloak)
rCorr   .            (no gloves)
SInv    .            (no boots)
Will    .....        (no amulet) Stlth
                     h - ring of poison resistance
HPRegen 0.31/turn    (no ring)
MPRegen 0.10/turn

%: no passive effects
@: lightly drained
A: horns 2, retaliatory headbutt
a: Renounce Religion, Heroism


You were on level 7 of the Dungeon.
You worshipped Okawaru.
Okawaru was aware of your devotion.
You visited 2 branches of the dungeon, and saw 9 of its levels.
You also visited: Sewer.

You collected 215 gold pieces.

Inventory:

Hand Weapons
 a - a +0 long sword (weapon)
Armour
 b - a +1 scale mail
 c - a +0 chain mail (worn)
 d - a +0 buckler (worn)
Jewellery
 h - a ring of poison resistance (left hand)
 i - a ring of fire
Scrolls
 j - 3 scrolls of enchant armour
 r - 3 scrolls of immolation {unknown}
 s - a scroll of torment {unknown}
 u - a scroll of blinking {unknown}
 v - a scroll of amnesia {unknown}
Potions
 f - a potion of mutation {unknown}
 g - a potion of might
 k - 3 potions of curing
 l - a potion of experience
 m - a potion of ambrosia
 n - a potion of lignification
 o - 4 potions of invisibility
 q - 2 potions of haste
 t - a potion of magic


   Skills:
 + Level 7.1 Fighting
 + Level 8.7 Long Blades
 + Level 7.9 Armour
 + Level 3.6 Dodging
 + Level 0.6 Stealth
 + Level 5.6 Shields


You had 7 spell levels left.
You didn't know any spells.
Your spell library contained the following spells:

 Spells                   Type           Power      Damage    Failure   Level
 Kiss of Death            Conj/Necr      0%         2d5       98%         1
 Lesser Beckoning         Tloc           0%         N/A       99%         2
 Gell's Gravitas          Tloc           0%         N/A       100%        3
 Inner Flame              Hex/Fire       0%         N/A       100%        3
 Teleport Other           Tloc           0%         N/A       100%        3
 Volatile Blastmotes      Fire/Tloc      0%         2d10      100%        3
 Cause Fear               Hex            0%         N/A       100%        4
 Flame Wave               Conj/Fire      0%         2d4       100%        4
 Fulminant Prism          Conj/Hex       0%         3d5       100%        4
 Iskenderun's Mystic Bla  Conj/Tloc      0%         2d3       100%        4
 Sticky Flame             Conj/Fire      0%         2d3       100%        4
 Blade Hands              Tmut           0%         N/A       100%        5
 Lee's Rapid Deconstruct  Erth           0%         3d4*      100%        5
 Statue Form              Tmut/Erth      0%         N/A       100%        6
 Dragon Form              Tmut           0%         N/A       100%        7
 Haunt                    Necr/Summ      Unusable   N/A       N/A         7
 Dragon's Call            Summ           Unusable   N/A       N/A         9

Dungeon Overview and Level Annotations

Branches:
Dungeon (8/15)             Temple (1/1) D:6           Sewer (visited)
   Lair: D:8-11

Altars:
Ashenzari
Cheibriados
Dithmenos
Elyvilon
Gozag
Hepliaklqana
Makhleb
Nemelex Xobeh
Okawaru
Qazlal
Ru
Sif Muna
Trog
Uskayaw
Wu Jian
Yredelemnul
Zin
The Shining One

Shops:
D:2 (

Annotations:
D:5 1 runed translucent door, tykejmi's ghost, amateur DsNe
D:7 Pikel


Innate Abilities, Weirdness & Mutations

You have a pair of horns on your head.
You reflexively headbutt those who attack you in melee.


Message History

The ball of steam hits you.
* * * LOW HITPOINT WARNING * * *
You hear a bellow!
Things that are here:
a +0 dagger; an orc corpse
There is a stone staircase leading up here.
You climb upwards.
Level annotation: Pikel Reactivating autopickup.
The wight hits you with a +2 morningstar.
* * * LOW HITPOINT WARNING * * *
You feel drained. The wight hits you but does no damage.
There is a stone staircase leading down here.
You barely miss the wight.
The wight hits you with a +2 morningstar.
* * * LOW HITPOINT WARNING * * *
You feel drained.
* * * LOW HITPOINT WARNING * * *
You hit the wight. Your headbutt misses the wight.
The wight is moderately damaged.
You hit the wight.
The wight is heavily damaged.
The wight hits you but does no damage. x2
You closely miss the wight.
The wight is heavily damaged.
The wight closely misses you.
You closely miss the wight.
The wight is heavily damaged.
The wight hits you with a +2 morningstar.
* * * LOW HITPOINT WARNING * * *
You slash the wight!
The wight is almost destroyed.
The wight misses you. The wight closely misses you.
You slash the wight!
You destroy the wight!
Okawaru accepts your kill. You block the wight's attack.
The wight attacks as you move away!
The wight hits you with a +5 battleaxe of freezing!
You die...

#.g#≈≈...........#
.. #≈≈...........#
#≈≈...........#
.≈≈....>......#
.≈≈.......z...#
≈≈...........#
≈...........#
........zz#
.........@#
.....[...)#
..........#
..........#
.........#
......#.#
#...#.#.#
##......#


You could see 3 wights.

Vanquished Creatures
  Eustachio (D:5)
  Menkaure (D:5)
  Edmund (D:5)
  An orc warrior (D:7)
  An ice beast (D:6)
  A black bear (D:6)
  A centaur (D:6)
  2 ogres
  A phantom (D:6)
  3 bullfrogs
  2 scorpions (D:6)
  A wight (D:7)
  A howler monkey (D:6)
  3 orc priests
  A hound (D:4)
  2 sleepcaps
  An iguana (D:6)
  2 orc wizards
  13 adders
  3 river rats (Sewer)
  A shadow imp (D:5)
  An ufetubus (D:5)
  5 worms (D:5)
  A dart slug (D:1)
  19 orcs
  6 endoplasms
  2 giant cockroaches
  3 hobgoblins
  2 jackals (D:2)
  14 kobolds
  4 quokkas
  29 ball pythons
  3 bats
  7 frilled lizards
  9 goblins
  33 rats
181 creatures vanquished.

Notes
Turn   | Place    | Note
-------+----------+-------------------------------------------
     0 | D:1      | Peloso the Minotaur Fighter began the quest for the Orb.
     0 | D:1      | Reached XP level 1. HP: 19/19 MP: 0/0
   141 | D:1      | Reached XP level 2. HP: 27/27 MP: 1/1
   693 | D:2      | Reached XP level 3. HP: 33/33 MP: 2/2
  1014 | D:2      | Found Moomur's Weapon Emporium.
  1382 | D:3      | Found a broken altar of Ashenzari.
  1439 | D:3      | Reached XP level 4. HP: 41/41 MP: 3/3
  1444 | D:3      | Noticed an ogre
  1446 | D:3      | Reached skill level 3 in Long Blades
  1458 | D:3      | Reached skill level 1 in Dodging
  1481 | D:3      | Killed an ogre
  1482 | D:3      | Reached XP level 5. HP: 29/47 MP: 4/4
  1556 | D:3      | Found a glowing silver altar of Zin.
  1562 | D:3      | You fall into a shaft and drop 3 floors!
  1584 | D:6      | Noticed a black bear
  1589 | D:6      | Killed a black bear
  1590 | D:6      | Reached skill level 5 in Fighting
  1590 | D:6      | Reached skill level 4 in Long Blades
  1590 | D:6      | Reached skill level 5 in Armour
  1609 | D:6      | Noticed an ice beast
  1622 | D:6      | Killed an ice beast
  1623 | D:6      | Reached skill level 5 in Long Blades
  1623 | D:6      | Reached XP level 6. HP: 26/56 MP: 5/5
  1879 | D:6      | Reached skill level 6 in Long Blades
  1879 | D:6      | Reached XP level 7. HP: 61/61 MP: 6/6
  1956 | D:6      | Found a staircase to the Ecumenical Temple.
  1967 | Temple   | Entered the Ecumenical Temple
  2020 | Temple   | Became a worshipper of Warmaster Okawaru
  2061 | D:6      | Got Qiejuot's Parchment of Evolving Necromancy
  2075 | D:5      | Entered Level 5 of the Dungeon
  2080 | D:5      | Noticed Menkaure
  2081 | D:5      | Noticed Edmund
  2094 | D:5      | Killed Edmund
  2129 | D:5      | Noticed Eustachio
  2202 | D:5      | Killed Eustachio
  2462 | D:5      | Found a shimmering blue altar of Sif Muna.
  2469 | D:5      | Killed Menkaure
  2470 | D:5      | Reached skill level 7 in Long Blades
  2490 | D:5      | Found a glowing drain.
  2499 | Sewer    | Entered a sewer
  2593 | Sewer    | Reached skill level 5 in Shields
  2612 | Sewer    | Reached XP level 8. HP: 70/70 MP: 7/7
  2911 | Sewer    | Reached * piety under Okawaru
  3622 | D:3      | Found a large runed translucent door.
  3623 | D:3      | Found a large runed translucent door.
  3953 | D:3      | Found a shadowy altar of Dithmenos.
  3968 | D:3      | Found a stormy altar of Qazlal.
  4333 | D:4      | Reached skill level 8 in Long Blades
  4927 | D:5      | Found a runed translucent door.
  4932 | D:5      | Noticed tykejmi's ghost (amateur DsNe)
  4932 | D:5      | Found the +5 Force Lance {heavy, knockback}
  5763 | D:7      | Noticed Pikel
  5796 | D:7      | Identified the +1 scale mail "Cuufiant" {rF+ Dex+3 Slay+2}
  5936 | D:7      | Slain by a wight

Illustrated notes

Levels and vault maps discovered:
D:1:      dpeg_arrival_more_subterranean_lakeside_camping, layout_loops_ring
D:2:      layout_loops_ring, serial_shops, nicolae_shop_crystal
D:3:      layout_basic, mainiacjoe_overflow_catch_the_wave,
          jmf_multi_god_temple2
D:4:      minmay_spotlight, layout_basic
D:5:      layout_loops_ring, led_sif_pool, ebering_ghost_reflecting_pool,
          cheibrodos_sewer_entry_bend, uniq_edmund, uniq_eustachio,
          uniq_menkaure
D:6:      layout_basic, temple_fountains
D:7:      layout_basic, gammafunk_ghost_gnarly_gnolls, minmay_crystal_water,
          nicolae_sextant, chequers_serial_rivers_micro_c, minivault_19,
          minmay_puff, uniq_pikel
D:8:      layout_layer_cave, kennysheep_just_a_vault, uniq_psyche, uniq_maggie
Temple:   nicolae_temple_bog_church

Skill      XL: |  1  2  3  4  5  6  7  8 |
---------------+-------------------------+-----
Fighting       | 4 5 6 7 |  7.1
Shields        | 4 5 |  5.6
Armour         | 4 5 6 7 |  7.9
Long Blades    | 3 5 6 7 8 |  8.7
Dodging        | 1 2 3 |  3.6
Stealth        | |  0.6

Action                     |  1- 3 |  4- 6 |  7- 9 || total
---------------------------+-------+-------+-------++-------
  Melee: Long sword        |    78 |    54 |   354 ||   486
         Headbutt          |     9 |    10 |    59 ||    78
 Invoke: Heroism           |       |       |     3 ||     3
    Use: Potion            |     4 |     2 |     4 ||    10
         Scroll            |       |       |    14 ||    14
 Armour: Scale mail        |    34 |    20 |   160 ||   214
         Chain mail        |       |       |    49 ||    49
  Dodge: Dodged            |    46 |    26 |   251 ||   323
  Block: Buckler           |    12 |    19 |   106 ||   137
